 Dungeon Crawl Stone Soup version 0.20-a0-1018-ge435b50 (webtiles) character file.

44 Monsterracer the Sneak (level 3, 0/34 HPs)
             Began as a Ghoul Monk on Apr 17, 2017.
             Was a Believer of Yredelemnul.
             Killed from afar by Natasha (9 damage)
             ... with a magic dart
             ... on level 3 of the Dungeon.
             The game lasted 00:03:53 (1371 turns).

Monsterracer the Sneak (Ghoul Monk)                 Turns: 1371, Time: 00:03:54

Health: 0/34       AC:  2    Str: 15    XL:     3   Next: 62%
Magic:  2/2        EV: 13    Int:  5    God:    Yredelemnul [**....]
Gold:   21         SH:  0    Dex: 11    Spells: 2/2 levels left

rFire    . . .     SeeInvis .     - Unarmed
rCold    + . .     Gourm    .   (no shield)
rNeg     + + +     Faith    .   a - +0 robe
rPois    ∞         Spirit   .   (no helmet)
rElec    .         Reflect  .   (no cloak)
rCorr    .         Harm     .   (no gloves)
MR       .....                  (no boots)
Stlth    ++........             (no amulet)
Regen    0.0/turn               (no ring)
MPRegen  0.1/turn               (no ring)

@: rotting, slowed, very slow
A: rotting body, claws 1, carnivore 3, cold resistance 1, negative energy
resistance 3, inhibited regeneration, torment resistance, unbreathing
a: Animate Remains, Recall Undead Slaves, Injury Mirror, Renounce Religion


You were on level 3 of the Dungeon.
You worshipped Yredelemnul.
Yredelemnul was pleased with you.
You were not hungry.

You visited 1 branch of the dungeon, and saw 3 of its levels.

You collected 21 gold pieces.

Inventory:

Armour
 a - a +0 robe (worn)
Scrolls
 c - a scroll of magic mapping {unknown}
 d - 2 scrolls of remove curse {unknown}
 e - 3 scrolls of enchant armour {unknown}
 f - a scroll of amnesia {unknown}
 h - a scroll of identify {unknown}
Comestibles
 b - a meat ration
 g - a royal jelly


   Skills:
 - Level 4.3 Fighting
 - Level 3.6 Dodging
 - Level 4.3 Stealth
 + Level 3.4 Unarmed Combat


You had 2 spell levels left.
You didn't know any spells.

Dungeon Overview and Level Annotations

Branches:
Dungeon (2/15)

Altars:
Ru
Yredelemnul

Annotations:
D:3 Natasha


Innate Abilities, Weirdness & Mutations

Your body is rotting away.
You thrive on raw meat.
You are immune to poison.
You have sharp fingernails.
You are carnivorous and can eat meat at any time.
Your flesh is cold resistant. (rC+)
You are immune to negative energy. (rN+++)
You do not regenerate when monsters are visible.
You are immune to unholy pain and torment.
You can survive without breathing.


Message History

The magic dart hits you!
You barely miss Natasha.
Natasha is heavily wounded.
The bat completely misses you. Natasha claws you!
You scratch Natasha.
Natasha is heavily wounded.
The bat hits you. The shadow imp closely misses you. Natasha claws you.
The shadow imp hits you.
You scratch Natasha.
Natasha is heavily wounded.
The bat hits you but does no damage. Natasha claws you.
* * * LOW HITPOINT WARNING * * *
The shadow imp closely misses you. Natasha completely misses you.
You completely miss Natasha.
Natasha is heavily wounded.
The bat barely misses you. The shadow imp barely misses you.
Natasha stares at you and mumbles some strange words.
The magic dart hits you!
You die...
Yredelemnul claims you as an undead slave.

.........##.#..........
..............#........
....#...##.####........
................%......
###.####†.....#........
####.##.................
..........#.#####
.......#.##.##
.#.###.@5....#
.......bh.......
#######........#
.........# ##.........
#........# #........#
#..!.....


You could see Natasha, a shadow imp and a bat.

Vanquished Creatures
  2 adders
  2 dart slugs
  A leopard gecko (D:1)
  2 giant cockroaches (D:1)
  3 goblins (D:1)
  A hobgoblin (D:1)
  2 ball pythons (D:3)
  2 bats (D:1)
  3 frilled lizards (D:3)
  4 kobolds
  3 rats
25 creatures vanquished.

Notes
Turn   | Place    | Note
-------+----------+-------------------------------------------
     0 | D:1      | Monsterracer the Ghoul Monk began the quest for the Orb.
     0 | D:1      | Reached XP level 1. HP: 22/22 MP: 0/0
   144 | D:1      | Reached skill level 1 in Unarmed Combat
   248 | D:1      | Reached XP level 2. HP: 28/28 MP: 1/1
  1065 | D:2      | Reached XP level 3. HP: 22/34 MP: 2/2
  1098 | D:2      | You fall through a shaft!
  1098 | D:3      | Found a faded altar of an unknown god.
  1135 | D:3      | Became a worshipper of Yredelemnul the Dark
  1135 | D:3      | Reached * piety under Yredelemnul
  1135 | D:3      | Reached ** piety under Yredelemnul
  1150 | D:3      | Found a sacrificial altar of Ru.
  1360 | D:3      | Noticed Natasha
  1371 | D:3      | Killed from afar by Natasha

Vault maps used:
D:1:      onia_arrival_pyramid
D:2:      kennysheep_generic_room_11
D:3:      hangedman_ru_absence, minmay_overflow_temple_star_quad, first_bread,
          chequers_ecumenical_altar_simple, uniq_natasha

Skill      XL: |  1  2  3 |
---------------+----------+-----
Unarmed Combat | 1 2 3 |  3.4
Fighting       | |  4.3
Dodging        | |  3.6
Stealth        | |  4.3

Action                   || total
-------------------------++-------
Melee: Unarmed           ||   114
       Punch             ||     1
  Use: Potion            ||     2
 Stab: Sleeping          ||     9
  Eat: Chunk             ||     5
Armor: Robe              ||    20
Dodge: Dodged            ||    76
